 Dungeon Crawl Stone Soup version 0.27-a0-869-g165b36e3f0 (webtiles) character file.

Game seed: 3796539743174890557

9572 septik the Cleaver (level 11, -3/101 HPs)
             Began as a Minotaur Berserker on Apr 2, 2021.
             Was a High Priest of Trog.
             Slain by Sonja
             ... wielding a +2 short sword of distortion
              (21 damage)
             ... on level 10 of the Dungeon.
             The game lasted 00:29:43 (9121 turns).

septik the Cleaver (Minotaur Berserker)             Turns: 9121, Time: 00:29:43

Health: -3/101     AC: 16    Str: 25    XL:     11   Next: 24%
Magic:  10/10      EV:  8    Int:  5    God:    Trog [*****.]
Gold:   553        SH:  4    Dex:  9    Spells: 10/10 levels left

rFire    + . .     SeeInvis .   k - +0 war axe
rCold    . . .     Faith    .   l - +0 buckler
rNeg     . . .     Spirit   .   T - +0 plate armour
rPois    .         Reflect  .   (helmet restricted)
rElec    .         Harm     .   C - +0 cloak
rCorr    .         Rampage  .   (no gloves)
Will     +....                  (no boots)
Stlth    ..........             p - amulet of regeneration
HPRegen  1.26/turn              r - ring of willpower
MPRegen  0.12/turn              G - ring of protection from fire

@: lethally poisoned (-3 -> -3), berserk cooldown, slowed, very slow
A: horns 2, retaliatory headbutt
a: Renounce Religion, Berserk, Trog's Hand, Brothers in Arms


You were on level 10 of the Dungeon.
You worshipped Trog.
Trog was extremely pleased with you.
You visited 1 branch of the dungeon, and saw 10 of its levels.

You collected 553 gold pieces.

Inventory:

Hand Weapons
 k - a +0 war axe (weapon)
 s - a +1 dagger of venom
 u - a +3 whip
Missiles
 c - 163 stones (quivered)
 h - 36 boomerangs
 x - 2 javelins
 I - 22 sling bullets
 J - 3 throwing nets
 P - 26 poisoned darts
Armour
 l - a +0 buckler (worn)
 z - a +2 ring mail of cold resistance
 A - a +2 leather armour of poison resistance
 C - a +0 cloak (worn)
 D - a +0 chain mail
 N - +0 steam dragon scales
 T - a +0 plate armour (worn)
Jewellery
 p - an amulet of regeneration (around neck)
 r - a ring of willpower (left hand)
 G - a ring of protection from fire (right hand)
Wands
 e - a wand of flame (30)
 y - a wand of iceblast (3)
 E - a wand of acid (6)
 H - a wand of polymorph (16)
 Q - a wand of random effects (40)
 R - a wand of paralysis (10)
Scrolls
 b - 2 scrolls of fear {unknown}
 j - 3 scrolls of teleportation
 m - 2 scrolls of vulnerability
 n - a scroll of magic mapping
 q - a scroll of holy word {unknown}
 t - 4 scrolls of enchant armour {unknown}
 K - a scroll of blinking {unknown}
 L - a scroll of noise {unknown}
 O - 2 scrolls of amnesia {unknown}
 S - a scroll of immolation {unknown}
Potions
 a - 2 potions of heal wounds
 d - a potion of resistance
 f - 2 potions of flight
 g - 4 potions of haste
 i - 2 potions of degeneration
 o - 2 potions of invisibility
 v - 2 potions of curing {unknown}
 w - a potion of brilliance {unknown}
 B - a potion of magic {unknown}
 F - a potion of might {unknown}
 M - a potion of ambrosia {unknown}
 U - a potion of cancellation {unknown}


   Skills:
 + Level 10.9 Fighting
 * Level 14.3 Axes
 + Level 10.5 Armour
 - Level 2.6 Dodging
 - Level 4.2 Shields


You had 10 spell levels left.
You didn't know any spells.
Your spell library was empty.

Dungeon Overview and Level Annotations

Branches:
Dungeon (10/15)            Temple (0/1) D:4            Lair (0/6) D:8
    Orc: D:9-12

Altars:
Okawaru
Vehumet
Wu Jian
Xom

Shops:
D:1 (   D:5 [

Annotations:
D:5 exclusion: downstairs
D:10 Sonja


Innate Abilities, Weirdness & Mutations

You have a pair of horns on your head.
You reflexively headbutt those who attack you in melee.


Message History

You feel yourself moving faster!
You feel mighty!
You feel very sick. Sonja hits you but does no damage.
Space warps horribly around you!! Sonja hits you but does no damage.
Space bends around you. Sonja hits you but does no damage.
Space warps horribly around you!!
Sonja shouts, "Hah!
Missed me again!"
Sonja casts a spell.
Sonja blinks!
Sonja moves out of view.
Unknown command.
You feel a strong urge to attack something.
You feel sick.
Sonja casts a spell.
Sonja blinks!
There is an open door here.
You feel sick. You block Sonja's attack.
Sonja hits you with a +2 short sword of distortion.
Space warps horribly around you!!
Sonja hits you with a +2 short sword of distortion.
Space warps horribly around you!
* * * LOW HITPOINT WARNING * * *
You miss Sonja. You headbutt Sonja.
Sonja is lightly wounded.
You are no longer berserk.
Trog's vigour flows through your veins.
You are exhausted.
You feel as though you will be slow longer.
You feel sick. Sonja closely misses you. You furiously retaliate!
You headbutt Sonja! You block Sonja's attack.
Sonja hits you with a +2 short sword of distortion.
* * * LOW HITPOINT WARNING * * *
Space bends around you.
* * * LOW HITPOINT WARNING * * *
You slash Sonja!
Sonja is severely wounded.
You feel sick. Sonja hits you but does no damage.
Space warps horribly around you!!
You die...

#.#.#..##.##.#
#.#.#...#..#.#
#.#.#.#[##.#.#
#.#.#.#.##.#.# ####+
#.#.#.#..#.#.# ......
#.#.#.##.#.#.#
......####.#.#.##.#.#.#
.......K##...#....(.#.#
+..@####...###.##.#
+...'..'...+......#
#...####...####.#.##
#...# #...# #.#...
#...# #...# #.....
#...# ##### ##....
##### #.... #.... #....


You could see Sonja.

Vanquished Creatures
  Harold (D:7)
  A two-headed ogre (D:4)
  Pikel (D:6)
  The ghost of gingerogre1 the Chiller, a novice DrIE of Qazlal (D:6)
  A cyclops (D:10)
  A hornet (D:9)
  Grinder (D:6)
  A troll (D:9)
  Prince Ribbit (D:6)
  A wyvern (D:9)
  A wraith (D:10)
  Grum (D:8)
  Eustachio (D:6)
  2 steam dragons
  4 water moccasins
  Duvessa (D:6)
  A black bear (D:4)
  2 sky beasts (D:6)
  A hornet zombie (D:9)
  2 necrophages
  3 orc warriors
  3 wolves (D:8)
  3 ogres
  A lemure (D:6)
  2 phantoms
  2 kobold brigands
  Blork the orc (D:5)
  3 scorpions
  3 water moccasin zombies (D:5)
  4 bullfrogs
  Dowan (D:6)
  2 water moccasin skeletons
  11 killer bees (D:9)
  A howler monkey (D:6)
  An electric eel (D:8)
  2 centaur zombies
  A bullfrog zombie (D:6)
  A bullfrog skeleton (D:6)
  4 jellies
  2 hounds
  5 orc priests
  Crazy Yiuf (D:4)
  A centaur skeleton (D:4)
  Jessica (D:3)
  2 iguanas
  5 orc wizards
  A killer bee zombie (D:6)
  A hound zombie (D:5)
  2 howler monkey zombies
  7 gnolls
  2 howler monkey skeletons
  10 adders
  7 river rats (D:6)
  3 white imps
  An ufetubus (D:7)
  An adder skeleton (D:3)
  3 worms
  8 dart slugs
  37 orcs
  6 ball pythons
  15 endoplasms
  4 giant cockroaches
  4 goblins
  7 hobgoblins
  6 jackals (D:4)
  11 kobolds
  10 quokkas
  3 bats
  5 frilled lizards
  16 rats
262 creatures vanquished.

Vanquished Creatures (collateral kills)
  Erica (D:10)
  A wraith (D:10)
2 creatures vanquished.

Vanquished Creatures (others)
  5 fungi
  5 plants
10 creatures vanquished.

Grand Total: 274 creatures vanquished

Notes
Turn   | Place    | Note
-------+----------+-------------------------------------------
     0 | D:1      | septik the Minotaur Berserker began the quest for the Orb.
     0 | D:1      | Reached XP level 1. HP: 19/19 MP: 0/0
     8 | D:1      | Found a faded altar of an unknown god.
    94 | D:1      | Reached XP level 2. HP: 17/27 MP: 1/1
   237 | D:1      | Reached skill level 4 in Axes
   562 | D:1      | Found Vit Ips's Weapon Shoppe.
  1146 | D:1      | Reached XP level 3. HP: 33/33 MP: 2/2
  1405 | D:2      | Reached ** piety under Trog
  1565 | D:2      | Reached XP level 4. HP: 40/40 MP: 3/3
  1585 | D:2      | Reached skill level 1 in Shields
  2196 | D:3      | Reached skill level 5 in Axes
  2397 | D:3      | Reached XP level 5. HP: 47/47 MP: 4/4
  2510 | D:3      | Noticed Jessica
  2513 | D:3      | Killed Jessica
  2981 | D:4      | Noticed an ogre
  2992 | D:4      | Killed an ogre
  2993 | D:4      | Reached XP level 6. HP: 55/55 MP: 5/5
  3081 | D:4      | Reached skill level 6 in Axes
  3179 | D:4      | Found a staircase to the Ecumenical Temple.
  3246 | D:4      | Reached skill level 5 in Fighting
  3482 | D:4      | Noticed a two-headed ogre
  3494 | D:4      | Killed a two-headed ogre
  3495 | D:4      | Reached skill level 7 in Axes
  3495 | D:4      | Reached skill level 5 in Armour
  3495 | D:4      | Reached XP level 7. HP: 49/63 MP: 6/6
  4000 | D:4      | Reached skill level 8 in Axes
  4000 | D:4      | Reached XP level 8. HP: 61/70 MP: 7/7
  4102 | D:4      | Reached *** piety under Trog
  4342 | D:4      | Found a runed translucent door.
  4343 | D:4      | Noticed Crazy Yiuf
  4350 | D:4      | Killed Crazy Yiuf
  4429 | D:5      | Entered Level 5 of the Dungeon
  4517 | D:5      | Reached skill level 9 in Axes
  4751 | D:5      | Identified the +6 flail "Giantslayer" {drain, Int+4}
  4773 | D:5      | Found Ugaehom's Armour Shoppe.
  5060 | D:6      | Found an ornate altar of the Wu Jian Council.
  5060 | D:6      | Noticed Dowan
  5060 | D:6      | Noticed Eustachio
  5062 | D:6      | Noticed Duvessa
  5095 | D:6      | Noticed Prince Ribbit
  5102 | D:6      | Reached skill level 10 in Axes
  5102 | D:6      | Reached XP level 9. HP: 80/80 MP: 8/8
  5108 | D:6      | Killed Prince Ribbit
  5223 | D:6      | Noticed Pikel
  5248 | D:6      | Killed Pikel
  5329 | D:6      | Reached skill level 11 in Axes
  5359 | D:6      | Found a radiant altar of Vehumet.
  5450 | D:6      | Reached **** piety under Trog
  5685 | D:6      | Killed Eustachio
  5750 | D:6      | Found a runed translucent door.
  5755 | D:6      | Noticed gingerogre1's ghost (novice DrIE)
  5773 | D:6      | Killed gingerogre1's ghost
  5774 | D:6      | Reached skill level 12 in Axes
  5774 | D:6      | Reached XP level 10. HP: 91/91 MP: 9/9
  5945 | D:6      | Noticed Grinder
  5947 | D:6      | Paralysed by Grinder for 4 turns
  5984 | D:6      | Killed Grinder
  6025 | D:6      | Noticed Blork the orc
  6080 | D:5      | Killed Blork the orc
  6118 | D:6      | Killed Dowan
  6120 | D:6      | Killed Duvessa
  6463 | D:7      | Noticed Harold
  6489 | D:7      | Killed Harold
  6770 | D:7      | Reached skill level 13 in Axes
  6804 | D:7      | Reached skill level 10 in Fighting
  6838 | D:7      | Found a shimmering altar of Xom.
  6838 | D:7      | Found an iron altar of Okawaru.
  6972 | D:8      | Noticed Grum
  6984 | D:8      | Killed Grum
  7229 | D:8      | Found a staircase to the Lair.
  7547 | D:8      | Reached ***** piety under Trog
  7637 | D:8      | Reached skill level 10 in Armour
  8070 | D:9      | Reached XP level 11. HP: 69/101 MP: 10/10
  8164 | D:9      | Received a gift from Trog
  8409 | D:9      | Reached skill level 14 in Axes
  8877 | D:10     | Entered Level 10 of the Dungeon
  8961 | D:10     | Noticed Erica
  8977 | D:10     | Killed Erica
  9114 | D:10     | Noticed Sonja
  9121 | D:10     | Slain by Sonja

Illustrated notes

Levels and vault maps discovered:
D:1:      saegor_arrival_simple_a, layout_loops_corners, basic_ecumenical_altar,
          serial_shops, nicolae_shop_statue_plus
D:2:      layout_basic, minmay_misc_feat_more_columns, minmay_fractal_squares_5
D:3:      layout_loops_ring, serial_forest, infiniplex_forest_lined_1,
          infiniplex_forest_corner_1, infiniplex_forest_clump_small,
          infiniplex_forest_corner_1, infiniplex_forest_lined_3_way,
          infiniplex_forest_clump_cross, uniq_jessica
D:4:      minmay_chambers_of_threes, layout_basic,
          minmay_temple_entry_glassed_door, dk_noncrumbling_4,
          chequers_serial_rivers_micro_d, uniq_crazy_yiuf_cottage
D:5:      layout_rooms, serial_shops, kennysheep_little_box,
          kennysheep_generic_room_7
D:6:      lemuel_ratsnest, layout_basic, ebering_ghost_sewer_d, st_stairs_11,
          hangedman_feature_mirror, uniq_duvessa, uniq_blork_the_orc,
          uniq_prince_ribbit1, uniq_pikel, uniq_eustachio, uniq_grinder
D:7:      layout_gridville, gammafunk_temple_overflow_pools, uniq_harold
D:8:      layout_basic, dpeg_oklobed_lair, special_room [special_room_orc],
          kennysheep_generic_room_16, uniq_grum
D:9:      layout_stronghold, serial_glass, glass_columns_a, glass_columns_b,
          glass_columns_a, glass_columns_b, glass_columns_a, glass_columns_c,
          glass_columns_b, glass_columns_c
D:10:     layout_basic, uniq_joseph, uniq_sonja, uniq_erica

Skill      XL: |  1  2  3  4  5  6  7  8  9 10 11 |
---------------+----------------------------------+-----
Axes           | 4 5 7 8 10 12 13 14 | 14.3
Fighting       | 4 6 7 9 10 | 10.9
Armour         | 3 4 5 7 8 10 | 10.5
Shields        | 1 2 4 |  4.2
Dodging        | |  2.6

Action                   |  1- 3 |  4- 6 |  7- 9 | 10-12 || total
-------------------------+-------+-------+-------+-------++-------
Melee: Hand axe          |    65 |    98 |   281 |       ||   444
       Headbutt          |    13 |    12 |    67 |    57 ||   149
       War axe           |       |       |    16 |   266 ||   282
Throw: Stone             |     5 |     3 |       |     3 ||    11
Invok: Berserk           |     2 |     5 |     4 |     6 ||    17
       Trog's Hand       |       |     1 |     2 |     3 ||     6
       Brothers in Arms  |       |       |       |     1 ||     1
  Use: Scroll            |       |       |     6 |     3 ||     9
 Stab: Sleeping          |     1 |       |       |       ||     1
Armor: Animal skin       |     3 |       |       |       ||     3
       Ring mail         |     8 |    28 |    40 |    42 ||   118
       Leather armour    |       |       |    16 |       ||    16
       Plate armour      |       |       |       |    49 ||    49
       Chain mail        |       |       |       |    15 ||    15
Dodge: Dodged            |    29 |    56 |    88 |   103 ||   276
Block: Buckler           |     5 |     8 |    34 |    58 ||   105

Table legend: (Time is in decaauts)
 A = Elapsed time spent in this place.
 B = Non-inter-level travel time spent in this place.
 C = Inter-level travel time spent in this place.
 D = Time resting spent in this place.
 E = Time spent auto-exploring this place.
 F = Levels seen in this place.
 G = Mean time per level.
                   A        B        C        D        E       F      G
               +--------+--------+--------+--------+--------+-----+--------+
         Total |   9182 |   8916 |    266 |    687 |   6206 |  10 |  918.2 |
       Dungeon |   9182 |   8916 |    266 |    687 |   6206 |  10 |  918.2 |
               +--------+--------+--------+--------+--------+-----+--------+

Top non-repeatable levels by time:
     D:4: 1551 daAuts
     D:6: 1319 daAuts
     D:1: 1285 daAuts
     D:9: 1089 daAuts
     D:2: 929 daAuts
     D:8: 902 daAuts
     D:3: 740 daAuts
     D:7: 615 daAuts
     D:5: 507 daAuts
    D:10: 240 daAuts
